 Dungeon Crawl Stone Soup version 0.26.0-9-gab577f9fc5 (webtiles) character file.

Game seed: 3965680661860873921

22252 FreshCat the Unseen (level 12, 0/56 HPs)
             Began as a Felid Berserker on Jan 13, 2021.
             Was a High Priest of Trog.
             Slain by a manticore (10 damage)
             ... on level 11 of the Dungeon on Jan 14, 2021.
             The game lasted 01:06:28 (20650 turns).

FreshCat the Unseen (Felid Berserker)              Turns: 20650, Time: 01:06:30

Health: 0/56       AC:  3    Str: 17    XL:     12   Next: 61%
Magic:  13/13      EV: 32    Int:  8    God:    Trog [*****.]
Gold:   268        SH:  0    Dex: 23    Spells: 11/11 levels left
                                        Lives:  0   Deaths: 3

rFire    . . .     SeeInvis +     - Unarmed
rCold    + . .     Faith    +   (shield unavailable)
rNeg     . . .     Spirit   .   (armour unavailable)
rPois    .         Reflect  .   (helmet unavailable)
rElec    .         Harm     .   (cloak unavailable)
rCorr    .         Rampage  .   (gloves unavailable)
Will     +....                  (boots unavailable)
Stlth    ++++++++..             w - amulet of faith
HPRegen  0.18/turn              a - +6 ring of dexterity
MPRegen  0.13/turn              g - +4 ring of evasion

@: quick
A: very small, no armour, no weapons or thrown items, stealth, claws 1, fangs 3,
see invisible, speed 1, shaggy fur 3, sharp paws
a: Renounce Religion, Berserk, Trog's Hand, Brothers in Arms


You were on level 11 of the Dungeon.
You worshipped Trog.
Trog was extremely pleased with you.
You visited 2 branches of the dungeon, and saw 15 of its levels.
You visited 1 bazaar.
You also visited: Ossuary and Gauntlet.

You collected 1039 gold pieces.
You spent 771 gold pieces at shops.

Inventory:

Jewellery
 a - a +6 ring of dexterity (left paw)
 g - a +4 ring of evasion (right paw)
 n - an uncursed amulet of magic regeneration
 w - an amulet of faith (around neck)
 C - an uncursed ring of flight
 D - an uncursed ring of wizardry
 I - an uncursed ring of magical power
Wands
 j - a wand of flame (32)
 k - a wand of polymorph (8)
 l - a wand of disintegration (9)
 x - a wand of iceblast (16)
 z - a wand of digging (3)
 E - a wand of paralysis (16)
Scrolls
 c - 6 scrolls of remove curse
 d - 5 scrolls of immolation
 h - 3 scrolls of amnesia
 i - 4 scrolls of teleportation
 m - 2 scrolls of enchant armour {unknown}
 t - a scroll of magic mapping
 u - a scroll of noise {unknown}
 y - 2 scrolls of blinking
 B - 3 scrolls of summoning
 F - a scroll of holy word
 G - 3 scrolls of fog
 J - a scroll of fear {unknown}
Potions
 b - 6 potions of curing
 e - 2 potions of mutation
 f - 3 potions of flight
 o - a potion of berserk rage
 p - 5 potions of lignification
 q - 2 potions of might
 r - 3 potions of brilliance
 s - a potion of ambrosia
 A - a potion of resistance {unknown}
 K - a potion of heal wounds
 L - a potion of attraction {unknown}
Miscellaneous
 v - a lightning rod (4/4)
 H - a phantom mirror


   Skills:
 * Level 8.7 Fighting
 + Level 10.2 Dodging
 + Level 17.8 Stealth
 + Level 13.9 Unarmed Combat
 + Level 1.8 Evocations


You had 11 spell levels left.
You didn't know any spells.
Your spell library contained the following spells:

 Spells                   Type           Power        Failure   Level
 Corona                   Hex            0%           41%         1
 Foxfire                  Conj/Fire      0%           41%         1
 Ensorcelled Hibernation  Hex/Ice        0%           54%         2
 Confusing Touch          Hex            0%           78%         3
 Conjure Flame            Conj/Fire      0%           78%         3
 Dazzling Flash           Conj/Hex       0%           78%         3
 Inner Flame              Hex/Fire       0%           78%         3
 Tukima's Dance           Hex            0%           78%         3
 Sticky Flame             Conj/Fire      0%           99%         4
 Fireball                 Conj/Fire      0%           100%        5


Dungeon Overview and Level Annotations

Branches:
Dungeon (13/15)            Temple (0/1) D:6            Lair (2/6) D:8
    Orc (0/2) D:9         Ossuary (visited)         Gauntlet (visited)
  Swamp: Lair:2-4    Shoals: Lair:2-4     Snake: Lair:2-4    Spider: Lair:2-4
 Vaults: D:13-14

Altars:
Ashenzari
Cheibriados
Dithmenos
Fedhas
Gozag
Hepliaklqana
Kikubaaqudgha
Nemelex Xobeh
Okawaru
Qazlal
Sif Muna
Trog
Wu Jian
Xom
Yredelemnul
Zin
The Shining One

Shops:
D:7 [   D:8 (   D:9 =!:?[   D:11 (*   D:13 ((

Annotations:
D:6 Blork the orc
D:8 4 runed translucent doors, barott's ghost, novice GrFi
D:10 1 runed translucent door, Goreval's ghost, novice TrBe


Innate Abilities, Weirdness & Mutations

You cannot wear armour.
You are incapable of wielding weapons or throwing items.
Your paws allow you to move quietly. (Stealth)
You have sharp claws.
You have razor-sharp teeth.
You have supernaturally acute eyesight. (SInv)
You cover ground quickly.
Your thick and shaggy fur keeps you warm. (AC +3, rC+)
Your sharp claws are effective at attacking unaware monsters.


Message History

You kill the cyclops!
Trog accepts your kill.
The manticore flicks its tail.
The volley of spikes misses you.
You scratch the manticore but do no damage.
You claw the manticore!
The manticore is lightly wounded.
The manticore completely misses you. The manticore claws you.
The manticore claws you!
You closely miss the manticore.
The manticore is lightly wounded.
The manticore completely misses you. The manticore closely misses you.
The manticore completely misses you.
You claw the manticore! You bite the manticore.
The manticore is moderately wounded.
The manticore bites you!!
* * * LOW HITPOINT WARNING * * *
The manticore claws you but does no damage.
The manticore claws you!
You die...

. #......#..8....Y....... .
#................Y.....
y##[.#..e........... ....
###..#...........YY......
##...................... .
#..)...##.##.....###Y.##..
......###.###..Y###......
#...#.###..##.#.Y#......
....#...........@H.#.#
#'###.#.###.#.#......##..##
≈≈≈≈###...#...#.###........
≈≈≈≈##..........# #........
≈≈≈≈#.........).###.....u..
≈≈≈≈#.........<..##........
#'###............##.o...$♣.
#.# ##...........##..F.♣.∩.
### ##...#...#..##....?.♣#


You could see a manticore and 3 yaks.

Vanquished Creatures
  Gastronok (D:11)
  Frances (D:12)
  A boulder beetle (D:13)
  Harold (D:9)
  A two-headed ogre (D:10)
  A tengu warrior (D:13)
  An unseen horror (shapeshifter) (D:13)
  Pikel (D:9)
  3 ugly things
  3 deep elf magi
  A centaur zombie (D:11)
  5 cyclopes
  A torpor snail (Lair:1)
  A gargoyle (D:13)
  A centaur skeleton (D:12)
  3 trolls
  30 yaks
  4 wyverns
  A wraith (D:12)
  A basilisk (D:12)
  3 vampire mosquitoes (D:13)
  A steam dragon (D:4)
  2 swamp worms (D:11)
  2 soldier ants (D:10)
  An acid dragon (D:8)
  2 water moccasins (D:10)
  9 orc warriors
  2 ice beasts
  2 black bears (D:7)
  5 sky beasts
  A phantom (D:12)
  2 necrophages
  5 wolves (Lair:1)
  14 centaurs
  9 ogres
  2 lemures (D:9)
  8 bullfrogs
  14 killer bees
  A wyvern skeleton (D:10)
  5 scorpions
  18 wights
  2 electric eels
  5 howler monkeys
  2 bullfrog zombies
  5 jellies
  2 hounds (D:8)
  5 orc priests
  3 bullfrog skeletons
  Jessica (D:2)
  2 iguanas
  9 orc wizards
  Natasha (twice) (D:3)
  8 worker ants
  6 big kobold zombies (Ossuary)
  A hound skeleton (D:7)
  A mummy (Ossuary)
  A howler monkey skeleton (D:6)
  10 adders
  3 white imps
  2 ufetubi
  An ooze (D:2)
  2 adder zombies
  A worm (D:4)
  4 dart slugs
  7 leopard geckos
  29 orcs
  6 spectral bats (Ossuary)
  3 giant cockroaches
  6 goblins
  6 hobgoblins
  13 jackals
  6 kobolds
  4 quokkas
  4 ball pythons
  A ball python zombie (D:6)
  5 bats
  3 bat simulacra (Ossuary)
  8 frilled lizards
  6 gnoll zombies (Ossuary)
  3 goblin simulacra (Ossuary)
  5 goblin zombies (Ossuary)
  4 hobgoblin zombies (Ossuary)
  6 kobold simulacra (Ossuary)
  6 kobold zombies (Ossuary)
  A leopard gecko zombie (D:7)
  3 orc zombies (Ossuary)
  A quokka zombie (D:8)
  6 rats
  3 rat simulacra (Ossuary)
  2 spectral goblins (Ossuary)
  3 spectral kobolds (Ossuary)
  A spectral rat (Ossuary)
399 creatures vanquished.

Vanquished Creatures (collateral kills)
  2 hydras
  An unseen horror (D:13)
  A centaur zombie (D:13)
  A centaur skeleton (D:12)
  An orc warrior (D:8)
  2 wights (D:12)
  4 orcs
12 creatures vanquished.

Vanquished Creatures (others)
  An orc (D:11)
  4 fungi (Lair:1)
  7 plants
12 creatures vanquished.

Grand Total: 423 creatures vanquished

Notes
Turn   | Place    | Note
-------+----------+-------------------------------------------
     0 | D:1      | FreshCat the Felid Berserker began the quest for the Orb.
     0 | D:1      | Reached XP level 1. HP: 10/10 MP: 2/2
   176 | D:1      | Reached XP level 2. HP: 11/14 MP: 3/3
   574 | D:1      | Reached skill level 1 in Stealth
   820 | D:1      | Reached XP level 3. HP: 17/17 MP: 4/4
   822 | D:1      | Reached ** piety under Trog
  1625 | D:2      | Noticed Jessica
  1631 | D:2      | Reached skill level 2 in Stealth
  1638 | D:2      | Killed Jessica
  1639 | D:2      | Reached XP level 4. HP: 15/21 MP: 5/5
  1866 | D:2      | Found an ornate altar of the Wu Jian Council.
  2612 | D:3      | Reached skill level 3 in Stealth
  2845 | D:3      | Noticed Natasha
  2851 | D:3      | Killed Natasha
  2852 | D:3      | Reached skill level 5 in Dodging
  2852 | D:3      | Reached XP level 5. HP: 24/24 MP: 6/6
  2876 | D:4      | Noticed an ogre
  3088 | D:3      | Found an iron altar of Okawaru.
  3178 | D:3      | Reached skill level 4 in Stealth
  3271 | D:3      | Found a faded altar of an unknown god.
  3363 | D:3      | Noticed Natasha
  3373 | D:3      | Killed Natasha
  3543 | D:4      | Reached *** piety under Trog
  3739 | D:4      | Noticed a steam dragon
  3739 | D:4      | an ogre changed into a steam dragon
  3747 | D:4      | Killed a steam dragon
  3748 | D:4      | Reached skill level 5 in Stealth
  3748 | D:4      | Gained mutation: You are covered in thick fur. (AC +2)
                  | [Felid growth]
  3748 | D:4      | Reached XP level 6. HP: 4/28 MP: 7/7
  4044 | D:4      | Found a shadowy altar of Dithmenos.
  4197 | D:4      | Reached skill level 5 in Unarmed Combat
  4261 | D:4      | Reached skill level 6 in Stealth
  4284 | D:4      | HP: 1/28 [poisoned by a worker ant]
  4605 | D:5      | Entered Level 5 of the Dungeon
  4627 | D:5      | Found a hazy altar of Hepliaklqana.
  4755 | D:5      | Found a glowing golden altar of the Shining One.
  4876 | D:5      | Found a sand-covered staircase.
  4882 | Ossuary  | Entered an ossuary
  5045 | Ossuary  | Reached skill level 1 in Evocations
  5058 | Ossuary  | Reached XP level 7. HP: 31/31 MP: 8/8
  5137 | Ossuary  | Reached **** piety under Trog
  5180 | Ossuary  | Reached skill level 7 in Stealth
  5921 | D:4      | Found a snail-covered altar of Cheibriados.
  6222 | D:5      | Found a basalt altar of Yredelemnul.
  6426 | D:6      | Reached skill level 8 in Stealth
  6510 | D:6      | Found a broken altar of Ashenzari.
  6518 | D:6      | Noticed Blork the orc
  6550 | D:6      | Reached XP level 8. HP: 20/35 MP: 9/9
  6565 | D:6      | Reached skill level 9 in Stealth
  6980 | D:6      | Found a staircase to the Ecumenical Temple.
  7294 | D:7      | HP: 1/33 [wight/+5 halberd of freezing (5)]
  7299 | D:7      | Reached skill level 10 in Stealth
  7812 | D:6      | Found a shimmering blue altar of Sif Muna.
  8392 | D:6      | Reached XP level 9. HP: 17/39 MP: 10/10
  8596 | D:7      | Found a glowing golden altar of the Shining One.
  8607 | D:7      | Found an ancient bone altar of Kikubaaqudgha.
  8661 | D:7      | HP: 1/58 [white imp/puff of frost (9)]
  8952 | D:8      | Reached skill level 11 in Stealth
  9069 | D:7      | Found a bloodstained altar of Trog.
  9243 | D:7      | Found a blossoming altar of Fedhas.
  9455 | D:7      | Found Ijytyfit's Armour Emporium.
  9725 | D:7      | Found a shimmering altar of Xom.
  9889 | D:9      | Found Nidgheza's Book Emporium.
  9975 | D:8      | Found Zin's Purification Station.
 10254 | D:8      | Found a glowing silver altar of Zin.
 10257 | D:8      | Bought a potion of curing for 90 gold pieces
 10305 | D:8      | Reached ***** piety under Trog
 10306 | D:8      | Reached skill level 12 in Stealth
 10527 | D:8      | Found Meokhlaa's Antique Weapon Boutique.
 10560 | D:8      | Found a runed translucent gate.
 10560 | D:8      | Found a runed translucent gate.
 10560 | D:8      | Found a runed translucent gate.
 10590 | D:8      | Noticed barott's ghost (novice GrFi)
 10780 | D:8      | Killed from afar by an orc priest
 10781 | D:8      | Reached XP level 8. HP: 0/54 MP: 9/9
 10851 | D:8      | Found a stormy altar of Qazlal.
 11168 | D:8      | Found a runed translucent door.
 11168 | D:8      | Noticed an unseen horror
 11168 | D:8      | Noticed a fire dragon
 11168 | D:8      | Noticed a manticore
 11170 | D:8      | Noticed a cyclops
 11170 | D:8      | Noticed an ice dragon
 11170 | D:8      | Noticed a freezing wraith
 11170 | D:8      | Noticed a boulder beetle
 11171 | D:8      | Found the +3 hat of Pondering {ponderous, Will+ MP+10
                  | Int+5}
 11402 | D:8      | HP: 1/54 [orc warrior/+0 trident (15)]
 11402 | D:8      | Hit by a boomerang thrown by an orc
 11403 | D:8      | Reached XP level 7. HP: 0/48 MP: 8/8
 11403 | D:8      | Reached XP level 8. HP: 36/36 MP: 9/9
 11761 | D:8      | Reached skill level 13 in Stealth
 11931 | D:8      | Found a staircase to the Lair.
 12195 | D:9      | Noticed Pikel
 12207 | D:9      | Killed Pikel
 12208 | D:9      | Reached skill level 10 in Unarmed Combat
 12208 | D:9      | Reached XP level 9. HP: 39/39 MP: 10/10
 12257 | D:9      | Found Elil Api's Magic Scroll Boutique.
 12268 | D:9      | Bought a scroll of summoning for 114 gold pieces
 12268 | D:9      | Bought a scroll of identify for 24 gold pieces
 12268 | D:9      | Bought a scroll of blinking for 90 gold pieces
 12268 | D:9      | Bought a scroll of identify for 24 gold pieces
 12268 | D:9      | Bought a scroll of fog for 24 gold pieces
 12268 | D:9      | Bought a scroll of fog for 24 gold pieces
 12647 | D:9      | Found a staircase to the Orcish Mines.
 12736 | D:9      | Found Hujez's Armour Shoppe.
 12770 | D:10     | Entered Level 10 of the Dungeon
 12879 | D:9      | Noticed Harold
 12882 | D:9      | Killed Harold
 12935 | D:9      | Found Ruing's Distillery.
 12939 | D:9      | Bought a potion of heal wounds for 70 gold pieces
 12939 | D:9      | Bought a potion of heal wounds for 70 gold pieces
 13127 | D:9      | Found a sparkling altar of Nemelex Xobeh.
 13127 | D:9      | Found an opulent altar of Gozag.
 13213 | D:10     | Reached skill level 14 in Stealth
 13608 | D:10     | Reached skill level 5 in Fighting
 13782 | D:10     | Reached XP level 10. HP: 44/44 MP: 11/11
 13809 | D:10     | Noticed Goreval's ghost (novice TrBe)
 13811 | D:10     | Found a runed translucent door.
 13837 | D:11     | Noticed a manticore
 13858 | D:10     | Noticed a two-headed ogre
 13862 | D:10     | Killed a two-headed ogre
 14346 | D:10     | Reached skill level 15 in Stealth
 14730 | D:11     | Noticed a cyclops
 14730 | D:11     | Noticed a cyclops
 15015 | Lair:1   | Entered Level 1 of the Lair of Beasts
 15037 | Lair:1   | Noticed a torpor snail
 15043 | Lair:2   | Noticed a five-headed hydra
 15048 | Lair:1   | Slain by a yak
 15049 | Lair:1   | Reached XP level 9. HP: -1/41 MP: 10/10
 15060 | Lair:1   | Noticed an eight-headed hydra
 15062 | Lair:1   | Killed an eight-headed hydra
 15083 | Lair:1   | Reached XP level 10. HP: 38/45 MP: 11/11
 15406 | Lair:1   | Found a snail-covered altar of Cheibriados.
 15416 | Lair:1   | Noticed a seven-headed hydra
 15969 | Lair:1   | Killed a torpor snail
 16298 | D:9      | Found Digigej's Jewellery Shop.
 16387 | D:11     | Noticed a deep elf mage
 16394 | D:10     | Killed a cyclops
 16487 | D:11     | Found Fock's Weapon Emporium.
 16487 | D:11     | Noticed a brown ugly thing
 16570 | D:11     | Noticed Gastronok
 16582 | D:11     | Killed Gastronok
 16583 | D:11     | Reached skill level 16 in Stealth
 16873 | D:11     | Noticed a cyclops
 16983 | D:11     | Reached XP level 11. HP: 49/49 MP: 12/12
 17001 | D:11     | Found Nuiwiz's Elemental Accessories.
 17155 | D:12     | Found a gate leading to a gauntlet.
 17161 | Gauntlet | Entered a Gauntlet
 17161 | Gauntlet | Found a transporter.
 17161 | Gauntlet | Found a transporter.
 17183 | Gauntlet | Found a transporter.
 17184 | Gauntlet | Found a transporter.
 17192 | Gauntlet | Found a transporter.
 17195 | Gauntlet | Found a transporter.
 17201 | Gauntlet | Noticed a wretched star
 17203 | Gauntlet | Found a transporter.
 17220 | Gauntlet | Found a transporter.
 17221 | Gauntlet | Noticed a blizzard demon
 17234 | Gauntlet | Found a transporter.
 17238 | Gauntlet | Found a transporter.
 17246 | Gauntlet | Found a transporter.
 17250 | Gauntlet | Found a transporter.
 17354 | D:12     | Noticed a deep elf mage
 17619 | D:12     | Noticed a purple ugly thing
 17623 | D:12     | Killed a purple ugly thing
 17954 | D:13     | Found Datoalon's Antique Weapon Shoppe.
 17989 | D:13     | Found Uxyfej's Weapon Boutique.
 17989 | D:13     | Noticed an unseen horror
 17991 | D:13     | Noticed a boulder beetle
 18013 | D:13     | Noticed a cyan ugly thing
 18015 | D:13     | Killed an unseen horror
 18016 | D:13     | Reached skill level 17 in Stealth
 18022 | D:13     | Killed a cyan ugly thing
 18030 | D:13     | Noticed a four-headed hydra
 18033 | D:13     | Killed a four-headed hydra
 18035 | D:13     | Found a flickering gateway to a bazaar.
 18040 | Bazaar   | Entered a bazaar
 18040 | Bazaar   | Found Roshrepn's Weapon Shoppe.
 18040 | Bazaar   | Found Pinituih's Jewellery Shoppe.
 18040 | Bazaar   | Found Zouzat's Weapon Emporium.
 18040 | Bazaar   | Found Zupha Xaq's Assorted Antiques.
 18209 | Bazaar   | Bought a short bronze wand for 72 gold pieces
 18209 | Bazaar   | Bought a scroll labelled YTOASS VUAJIMU for 18 gold pieces
 18209 | Bazaar   | Bought a smoky amethyst potion for 16 gold pieces
 18209 | Bazaar   | Bought a scroll of blinking for 135 gold pieces
 18317 | D:13     | Killed a boulder beetle
 18422 | D:13     | Noticed a deep elf mage
 18444 | D:13     | Noticed a tengu warrior
 18454 | D:13     | Killed a deep elf mage
 18466 | D:13     | Killed a tengu warrior
 18734 | D:13     | Noticed an unseen horror
 18741 | D:13     | Killed an unseen horror
 18790 | D:13     | Gained mutation: Your thick and shaggy fur keeps you warm.
                  | (AC +3, rC+) [Felid growth]
 18790 | D:13     | Reached XP level 12. HP: 55/55 MP: 13/13
 19472 | D:12     | Noticed Frances
 19473 | D:12     | Killed Frances
 19474 | D:12     | Reached skill level 10 in Dodging
 20650 | D:11     | Slain by a manticore

Illustrated notes

Levels and vault maps discovered:
D:1:      amcnicky_arrival_blooded_trapdoor, layout_basic, skrybe_limestone_x,
          ebering_dispersal_statue_hall, minmay_tromino_v4_c
D:2:      layout_rooms, lemuel_doored_altar, uniq_jessica
D:3:      layout_loops_corners, chequers_ecumenical_altar_grove,
          kennysheep_okawaru_gauntlet, uniq_natasha
D:4:      layout_cave_pods, general_overflow_altar,
          grunt_dithmenos_smoke_and_mirrors
D:5:      layout_loops_ring, kennysheep_little_box,
          nicolae_overflow_crystal_walls, nicolae_ossuary_entry_plus,
          tso_metal_star
D:6:      layout_basic, evilmike_ruin_ashenzari, lemuel_coloured_pillars_altar,
          minmay_temple_entry_glassed_door, uniq_blork_the_orc
D:7:      layout_layer_cave, nicolae_overflow_hidden_temple, kennysheep_mini,
          lemuel_crystal_altar, kiku_gazebo_pond_becter, serial_shops, shop,
          trog_ov_bears_minmay
D:8:      minmay_gate_of_8, layout_loops_ring, zin_purify, kennysheep_mini_moat,
          erik_lair_dragon, serial_shops, nicolae_shop_crystal,
          gammafunk_ghost_icy
D:9:      layout_loops_corners, grunt_temple_overflow_opulence, david_orc_4,
          serial_shops, shop, nicolae_shop_waterfront, shop_scrolls, shop,
          nicolae_shop_waterfront, uniq_pikel, uniq_harold
D:10:     layout_loops_ring, hellmonk_ghost_happy_afterlife,
          hangedman_pestilent_swarm, kennysheep_cross_bottleneck
D:11:     layout_rooms, serial_shops, nicolae_shop_trees, gammafunk_ghost_hive,
          chequers_serial_rivers_room_b, grunt_ministairs_1,
          nicolae_elemental_shop, minivault_11, worms_lemuel, uniq_gastronok
D:12:     layout_roguey, gauntlet_entry_generic, minmay_statues_item,
          uniq_frances
D:13:     layout_roguey, serial_shops, bzr_entry_road, nicolae_shop_statue_plus,
          shop_statue
Lair:1:   layout_gridlike, chequers_serial_rivers_small_a,
          kennysheep_snail_temple
Lair:2:   layout_misc_corridors, amcnicky_mini_pool_medium

Skill      XL: |  1  2  3  4  5  6  7  8  9 10 11 12 |
---------------+-------------------------------------+-----
Stealth        | 1 2 3 5 6 8 13 14 16 17 | 17.8
Unarmed Combat | 4 5 6 10 9 12 13 | 13.9
Dodging        | 5 6 8 9 10 | 10.2
Evocations     | 1 |  1.8
Fighting       | 5 6 7 8 |  8.7

Action                   |  1- 3 |  4- 6 |  7- 9 | 10-12 || total
-------------------------+-------+-------+-------+-------++-------
Melee: Unarmed           |    95 |   137 |   477 |   399 ||  1108
       Bite              |     8 |    13 |    65 |    56 ||   142
       Punch             |     1 |     2 |    18 |    34 ||    55
Invok: Berserk           |     2 |     4 |    18 |    12 ||    36
       Trog's Hand       |       |       |     1 |     4 ||     5
       Brothers in Arms  |       |       |     1 |     5 ||     6
Evoke: Wand              |       |     7 |       |     7 ||    14
       Phantom mirror    |       |       |     1 |       ||     1
  Use: Scroll            |     3 |     2 |    10 |    16 ||    31
       Potion            |       |       |     1 |     5 ||     6
 Stab: Sleeping          |     5 |    17 |    43 |    33 ||    98
       Distracted        |       |       |     5 |     2 ||     7
       Invisible         |       |       |       |     4 ||     4
       Paralysed         |       |       |       |     2 ||     2
Armor: Skin              |     6 |     5 |     6 |     6 ||    23
Dodge: Dodged            |    84 |   105 |   359 |   386 ||   934
